Map: King's Cove LE

Players

Mez - Winner!

  • Race: Terran Terran
  • League: Master
  • Spawn Location: 11:00

Afonso

  • Race: Terran Terran
  • Spawn Location: 5:00

VOD

Have the link to the VOD?

Description

Time

  • Played on: Aug. 12, 2019, 6:08 p.m.
  • Length: 13:40
Show
View Real Time Build Order
Export as new Build Order

Mez Terran - Winner!

Build Orders: Reaper Expand 

Get SALT Encoding   

  12  0:01  SCV  
  13  0:13  SCV  
  14  0:18  Supply Depot  
  14  0:25  SCV  
  15  0:40  SCV  
  15  0:41  Barracks  
  16  0:47  Refinery  
  16  0:52  SCV  
  17  1:04  SCV  
  18  1:16  SCV  
  19  1:32  Reaper, Orbital Command  
  20  1:46  Command Center  
  20  1:54  Supply Depot  
  20  1:59  SCV  
  21  2:04  Barracks Reactor  
  21  2:11  Refinery, SCV  
  21  2:30  Factory  
  21  2:35  SCV  
  22  2:43  Marine x2  
  24  2:47  SCV  
  25  2:57  Orbital Command  
  25  3:01  Marine x2  
  28  3:05  SCV  
  28  3:17  Factory Tech Lab  
  27  3:24  Marine x2  
  29  3:27  Starport  
  29  3:29  SCV x2  
  28  3:42  Marine x2  
  28  3:45  Cyclone  
  28  3:47  SCV x2  
  34  3:50  Supply Depot  
  34  3:59  SCV x2  
  34  4:00  Marine x2  
  38  4:05  Starport Tech Lab  
  38  4:11  SCV x2, Supply Depot  
  38  4:13  Refinery  
  40  4:18  Cyclone  
  40  4:22  Marine x2  
  40  4:23  SCV x2  
  47  4:24  Raven  
  49  4:35  SCV x2, Supply Depot  
  51  4:40  Marine x2  
  53  4:48  SCV x2  
  53  4:51  Siege Tank  
  58  4:57  Marine  
  58  4:58  Marine  
  60  5:00  SCV x2  
  62  5:12  SCV x2, Command Center  
  62  5:14  Raven  
  64  5:18  Supply Depot  
  66  5:24  SCV x2  
  68  5:33  Barracks  
  68  5:37  Barracks  
  68  5:39  Marine x2  
  68  5:40  Siege Tank, SCV x2  
  75  5:48  Supply Depot  
  75  5:52  SCV x2  
  78  6:06  SCV  
  78  6:09  SCV  
  79  6:15  Viking, Siege Tank  
  79  6:16  Viking  
  86  6:24  SCV x2  
  88  6:25  Supply Depot  
  88  6:26  Barracks Reactor x2, Orbital Command  
  88  6:27  Supply Depot  
  88  6:28  Stimpack  
  88  6:35  Engineering Bay x2  
  88  6:36  Refinery, SCV x2  
  90  6:40  Marine  
  91  6:47  Viking x2  
  91  6:50  SCV x2  
  91  6:53  Supply Depot  
  97  6:55  Orbital Command, Supply Depot  
  97  6:58  Marine  
  95  7:03  Marine x3  
  95  7:04  Marine  
  95  7:05  SCV x2  
  101  7:09  Siege Tank  
  101  7:14  Barracks  
  101  7:15  Barracks  
  104  7:31  Supply Depot  
  104  7:34  SCV x2  
  104  7:35  SCV, Supply Depot  
  104  7:36  Marine x3, Marauder  
  110  7:50  Marine  
  110  7:51  Viking x2  
  113  7:53  Terran Infantry Armor Level 1, Terran Infantry Weapons Level 1  
  113  7:54  Marine  
  113  7:55  SCV  
  113  7:56  SCV  
  113  7:57  Marauder  
  120  8:03  SCV  
  120  8:05  Barracks Tech Lab x2  
  121  8:08  SCV x2  
  123  8:15  SCV  
  123  8:18  Marine x4  
  123  8:19  Marauder  
  130  8:20  SCV x2  
  130  8:22  Refinery  
  130  8:24  Missile Turret x2, Refinery  
  130  8:26  Viking x2, Missile Turret  
  136  8:27  SCV  
  136  8:28  Combat Shield  
  135  8:37  Marine x2  
  135  8:38  Marine x2, Marauder x2  
  135  8:40  Marauder, Starport  
  145  8:42  SCV x2  
  147  8:53  Command Center  
  147  8:55  Marine  
  147  9:01  Supply Depot  
  147  9:02  Supply Depot  
  148  9:03  Supply Depot  
  148  9:07  Missile Turret  
  148  9:11  Missile Turret, Siege Tank  
  148  9:12  Missile Turret, Marauder  
  143  9:26  Viking x2  
  143  9:30  Marine  
  143  9:31  Marine x3, Marauder x2  
  146  9:33  Marine  
  146  9:35  Supply Depot x2  
  147  9:42  SCV x3  
  147  9:44  Siege Tank  
  153  9:48  Marine x2  
  153  9:49  Viking, Marine  
  153  9:52  Fusion Core  
  158  9:54  SCV, Starport  
  158  9:56  Viking  
  162  10:00  Marauder x3  
  158  10:19  Marine x4  
  158  10:21  Siege Tank, Marine, Marauder x2  
  131  10:23  Viking  
  131  10:26  Starport Reactor  
  121  10:35  Planetary Fortress  
  117  10:37  Marine x3  
  117  10:39  Marauder  
  124  10:42  Marauder  
  124  10:43  Refinery  
  124  10:46  Marine, Marauder  
  124  10:47  Concussive Shells  
  127  10:50  Starport Tech Lab  
  127  10:51  Viking  
  127  10:55  Marine  
  130  10:57  Siege Tank  
  130  10:59  Refinery  
  130  11:01  Marauder  
  130  11:02  Armory  
  135  11:07  Factory  
  135  11:11  Viking x3  
  135  11:15  SCV x3  
  144  11:25  Marine x3, Marauder x2  
  139  11:43  Marine x2  
  139  11:44  Viking x4, Marauder  
  139  11:45  Viking  
  139  11:47  Marauder x2  
  149  12:03  Liberator  
  149  12:04  Marine x3  
  149  12:05  Siege Tank, Marauder  
  149  12:07  Factory Tech Lab  
  149  12:08  Marauder x2  
  161  12:14  Viking x2  
  165  12:19  Advanced Ballistics  
  165  12:21  Viking  
  161  12:29  Command Center  
  150  12:35  Siege Tank  
  153  12:37  Siege Tank  
  156  12:48  Viking  
  156  12:49  Viking  
  163  13:08  Siege Tank  
  163  13:11  SCV x3  
  163  13:12  Marine x4, Marauder x3  
Show
View Real Time Build Order
Export as new Build Order

Afonso Terran 

Build Orders: Mech 

Get SALT Encoding   

  12  0:00  SCV  
  13  0:12  SCV  
  14  0:18  Supply Depot  
  14  0:24  SCV  
  15  0:29  Refinery  
  15  0:39  SCV  
  16  0:45  Barracks  
  16  0:51  SCV  
  17  1:04  SCV  
  18  1:16  SCV  
  20  1:32  Reaper, Orbital Command  
  20  1:44  Command Center  
  20  1:55  Factory  
  20  1:58  SCV  
  21  2:06  Reaper  
  22  2:08  Supply Depot  
  22  2:11  SCV  
  23  2:18  Refinery  
  23  2:30  SCV  
  24  2:38  Hellion  
  24  2:42  Starport  
  24  2:43  SCV  
  27  2:55  SCV  
  27  2:57  Orbital Command  
  28  3:02  Factory Tech Lab  
  28  3:08  SCV  
  29  3:22  SCV, Starport Tech Lab  
  29  3:24  SCV  
  29  3:26  Cyclone  
  34  3:35  Refinery, SCV  
  33  3:45  SCV  
  33  3:47  SCV  
  33  3:52  Command Center  
  33  3:53  Raven  
  35  3:57  SCV, Supply Depot  
  35  4:01  SCV  
  37  4:08  Siege Tank  
  41  4:10  SCV  
  41  4:13  SCV  
  41  4:16  Refinery  
  42  4:18  Supply Depot  
  42  4:22  SCV  
  43  4:25  SCV  
  43  4:27  Supply Depot  
  44  4:34  SCV  
  44  4:35  Raven  
  44  4:38  SCV  
  48  4:46  SCV  
  48  4:50  SCV  
  50  4:57  Factory  
  50  4:58  Factory, SCV  
  50  4:59  Engineering Bay  
  51  5:04  SCV  
  51  5:05  Orbital Command  
  52  5:07  Siege Tank  
  52  5:11  SCV  
  56  5:16  SCV  
  57  5:23  SCV  
  57  5:25  Factory  
  57  5:28  Starport Reactor, SCV, Orbital Command  
  58  5:32  Missile Turret  
  58  5:35  Missile Turret, SCV  
  60  5:40  SCV  
  60  5:41  Factory Tech Lab  
  60  5:42  Siege Tank, Factory Tech Lab  
  64  5:47  SCV  
  65  5:52  SCV  
  65  5:54  SCV  
  67  5:59  SCV  
  67  6:02  Siege Tank x2  
  74  6:05  SCV  
  74  6:10  Missile Turret x2, Refinery  
  75  6:11  Viking  
  75  6:12  Refinery  
  75  6:16  Viking  
  79  6:23  Siege Tank  
  79  6:25  SCV x3  
  85  6:35  Sensor Tower  
  85  6:42  Supply Depot  
  85  6:43  Supply Depot  
  85  6:44  Supply Depot  
  85  6:47  SCV x2  
  85  6:49  Viking x2, Supply Depot  
  91  7:04  Siege Tank x2  
  91  7:06  Siege Tank  
  91  7:07  SCV x3  
  103  7:15  Siege Tank  
  106  7:19  SCV x3  
  109  7:25  Missile Turret  
  109  7:30  Supply Depot x2  
  109  7:31  SCV x3  
  109  7:36  Siege Tank  
  115  7:45  Viking x2  
  115  7:46  Siege Tank  
  115  7:47  Siege Tank  
  125  7:52  SCV x2  
  125  7:56  SCV, Supply Depot  
  125  7:57  Supply Depot  
  128  8:07  SCV  
  128  8:08  SCV, Command Center  
  130  8:15  SCV  
  130  8:16  Armory  
  130  8:17  Armory  
  130  8:19  SCV  
  132  8:21  Supply Depot x2  
  132  8:22  SCV  
  132  8:25  Missile Turret  
  133  8:34  SCV  
  133  8:39  Viking x2  
  133  8:40  Siege Tank  
  133  8:41  Siege Tank x3  
  150  8:42  SCV  
  150  8:43  SCV  
  152  8:52  SCV, Liberator x2  
  153  9:15  Siege Tank  
  154  9:31  Siege Tank x3  
  163  9:52  Viking x2  
  167  10:01  Siege Tank  
  164  10:15  Siege Tank  
  141  10:24  Siege Tank  
  141  10:25  Siege Tank  
  131  10:30  SCV x3  
  134  10:39  Command Center  
  134  10:40  Terran Ship Weapons Level 1, Terran Vehicle And Ship Armor Level 1, Command Center x2  
  134  10:42  Factory  
  134  10:43  Factory  
  134  10:44  Factory  
  134  10:46  SCV  
  135  10:50  Planetary Fortress  
  135  10:51  SCV  
  135  10:53  SCV  
  137  11:01  Refinery  
  137  11:03  Siege Tank  
  140  11:04  Viking  
  140  11:05  Refinery  
  140  11:10  Viking, Command Center  
  144  11:15  Missile Turret, SCV x2  
  144  11:16  Missile Turret  
  146  11:20  Siege Tank  
  146  11:22  Missile Turret  
  146  11:23  Missile Turret x2, SCV  
  150  11:32  Missile Turret  
  141  11:35  Siege Tank  
  136  11:46  Siege Tank  
  136  11:47  Siege Tank, SCV x3  
  122  11:52  Siege Tank  
  117  12:07  SCV x2  
  103  12:17  Siege Tank  
  96  12:26  SCV x6  
  96  12:27  SCV  
  96  12:29  Siege Tank x3  
  109  12:38  SCV x4  
  109  12:40  Planetary Fortress  
  109  12:41  Refinery  
  109  12:42  Orbital Command  
  109  12:43  Orbital Command  
  109  12:44  Refinery, Orbital Command  
  113  12:52  Viking x2  
  113  12:53  SCV  
  113  12:54  SCV x2  
  120  13:00  SCV  
  120  13:04  Factory Tech Lab x3  
  121  13:05  SCV  
  121  13:06  SCV x2  
  124  13:17  Refinery  
  124  13:18  Refinery  
  131  13:20  SCV x3  
  131  13:21  SCV  
  143  13:28  SCV  
  143  13:34  Missile Turret  
  147  13:35  Missile Turret  
  147  13:36  Missile Turret x3  
  147  13:38  Missile Turret  
Tags
 
Composition
Mech
League
Master
Matchup
TvT
Race
Terran
Spawn Locations
Cross Positions
Add a new tag
Caveats
  • Supply blocks, unpowered buildings, or Contaminate may cause inaccurate times.
  • Supply counts are checked every 10 seconds.